 Dungeon Crawl Stone Soup version 0.29-a0-925-g0a7a3d12f8 (webtiles) character file.

Game seed: 8530099755259723659

10189 Ge0ff the Geomancer (level 11, -7/67 HPs)
             Began as an Octopode Earth Elementalist on July 29, 2022.
             Was an Initiate of Ashenzari.
             Killed by divine providence
             ... invoked by an orc high priest
              (14 damage)
             ... on level 1 of the Orcish Mines.
             The game lasted 00:28:59 (16685 turns).

Ge0ff the Geomancer (Octopode Earth Elementalist)  Turns: 16685, Time: 00:29:00

Health: -7/67      AC:  1    Str:  8    XL:     11   Next: 58%
Magic:  21/23      EV: 18    Int: 22    God:    Ashenzari [......]
Gold:   531        SH:  0    Dex: 12    Spells: 20/26 levels left

rFire   + . .      SeeInvis +   a - staff of earth
rCold   . . .      Faith    .   (no shield)
rNeg    . . .      Spirit   .   (helmet restricted)
rPois   .          Reflect  .   (no amulet)
rElec   .          Harm     .   y - ring of protection from cold
rCorr   .          Rampage  .   l - +4 ring of slaying
Will    +....                   Z - +4 ring of evasion
Stlth   ++........              n - ring of see invisible
HPRegen 0.21/turn               p - ring of Ashenzari's Loss {SInv, Alch, Cun} (curse)
MPRegen 0.18/turn               z - ring of wizardry
                                r - ring of willpower
                                Y - ring of fire

@: confused, lethally poisoned (-7 -> -19), ambrosia-drunk
A: almost no armour, amphibious, 8 rings, camouflage 1, gelatinous body 1,
(nimble swimmer 1), tentacles
a: Renounce Religion, Shatter the Chains


You were on level 1 of the Orcish Mines.
You worshipped Ashenzari.
Ashenzari was noncommittal.
You visited 3 branches of the dungeon, and saw 13 of its levels.

You collected 741 gold pieces.
You spent 210 gold pieces at shops.

Inventory:

Hand Weapons
 b - a +0 sling
 k - a +2 dagger of venom
 u - a +2 dagger of speed
 v - a +0 dagger
Missiles
 w - 3 poisoned darts
 J - 20 boomerangs
 Q - 10 javelins
 V - 101 stones
Armour
 C - a +0 kite shield
Magical Staves
 a - a staff of earth (weapon)
Jewellery
 l - a +4 ring of slaying (right tentacle)
 n - a ring of see invisible (on tentacle)
 p - the cursed ring of Ashenzari's Loss (on tentacle) {SInv, Alch, Cun}
   (You found it on level 7 of the Dungeon)

   [ring of see invisible]

   SInv:      It lets you see invisible.
   It has a curse which improves the following skills: Alchemy: Poison Magic and
   Transmutations.
   Cunning:   Dodging and Stealth.
 r - a ring of willpower (on tentacle)
 y - a ring of protection from cold (left tentacle)
 z - a ring of wizardry (on tentacle)
 Y - a ring of fire (on tentacle)
 Z - a +4 ring of evasion (on tentacle)
Wands
 d - a wand of digging (7)
 e - a wand of charming (10)
 f - a wand of flame (18)
 s - a wand of mindburst (5)
 P - a wand of polymorph (9)
Scrolls
 m - a scroll of magic mapping
 x - 3 scrolls of enchant weapon
 B - 3 scrolls of blinking
 E - 5 scrolls of fear
 H - a scroll of poison {unknown}
 I - a scroll of silence {unknown}
 L - a scroll of enchant armour {unknown}
 N - 2 scrolls of vulnerability {unknown}
 O - 4 scrolls of immolation {unknown}
 S - a scroll of summoning {unknown}
 T - 5 scrolls of teleportation
 U - a scroll of amnesia {unknown}
 W - 3 scrolls of noise {unknown}
Potions
 o - a potion of ambrosia
 t - 2 potions of might {unknown}
 A - 4 potions of attraction
 D - 2 potions of mutation {unknown}
 G - 3 potions of lignification {unknown}
 K - 4 potions of magic {!q}
 M - a potion of heal wounds {unknown}
 R - 2 potions of resistance
 X - a potion of flight


   Skills:
 - Level 3.0 Fighting
 - Level 5.0(5.4) Dodging
 - Level 3.0(3.3) Stealth
 + Level 8.2 Spellcasting
 + Level 9.3 Conjurations
 - Level 1.0(1.2) Transmutations
 - Level 10.0 Earth Magic
 - Level 7.0 Evocations


You had 20 spell levels left.
You knew the following spells:

 Your Spells              Type           Power      Damage    Failure   Level
k - Sandblast             Erth           100%       2d20      1%          1
w - Passwall              Tmut/Erth      41%        N/A       1%          2
C - Stone Arrow           Conj/Erth      100%       3d13      1%          3

Your spell library contained the following spells:

 Spells                   Type           Power      Damage    Failure   Level
 Beastly Appendage        Tmut           28%        N/A       1%          1
 Magic Dart               Conj           100%       1d8       1%          1
 Searing Ray              Conj           100%       2d8       1%          2
 Wereblood                Tmut           14%        N/A       2%          2
 Petrify                  Tmut/Erth      50%        N/A       2%          4
 Slow                     Hex            36%        N/A       3%          1
 Blink                    Tloc           18%        N/A       4%          2
 Ensorcelled Hibernation  Hex/Ice        18%        N/A       4%          2
 Fulminant Prism          Conj/Hex       14%        3d9       4%          4
 Spider Form              Tmut/Pois      11%        N/A       7%          3
 Confusing Touch          Hex            9%         N/A       9%          3
 Lesser Beckoning         Tloc           9%         N/A       9%          3
 Vampiric Draining        Necr           9%         2d6       9%          3
 Anguish                  Hex/Necr       4%         N/A       28%         4
 Summon Lightning Spire   Summ/Air       9%         N/A       28%         4
 Manifold Assault         Tloc           9%         N/A       58%         5
 Storm Form               Tmut/Air       5%         N/A       100%        7
 Maxwell's Capacitive Co  Air            4%         ∞         100%        8


Dungeon Overview and Level Annotations

Branches:
Dungeon (11/15) Zot: 25573  Temple (1/1) D:4 Zot: 5923    Lair (0/5) D:10
    Orc (1/2) D:10 Zot: 5828

Altars:
Ashenzari
Cheibriados
Dithmenos
Elyvilon
Fedhas
Gozag
Hepliaklqana
Kikubaaqudgha
Makhleb
Nemelex Xobeh
Okawaru
Qazlal
Ru
Sif Muna
Trog
Uskayaw
Vehumet
Wu Jian
Xom
Yredelemnul
Zin
The Shining One

Shops:
D:3 *

Annotations:
D:3 2 transporters, megamayne420's ghost, amateur HOMo
D:5 2 transporters, Heedrag's ghost, novice MiFi


Innate Abilities, Weirdness & Mutations

You cannot wear most types of armour.
You are amphibious.
You can wear up to eight rings at the same time.
Your skin changes colour to match your surroundings (Stealth+).
Your rubbery body absorbs attacks. (AC +1, EV +1)
((You are camouflaged when in or above water. (Stealth+)))
You have tentacles for arms and can constrict up to eight enemies at once.


Message History

You feel less confused.
The orc high priest utters an invocation to Beogh.
You hit the orc high priest but do no damage.
You grab the orc high priest.
Your squeeze misses the orc high priest.
You constrict the orc high priest.
The orc high priest hits you with a +2 mace of protection.
The orange demon stings you from afar! The orc high priest closely misses you.
Casting: Stone Arrow (safe; 1% risk of failure)
Confirm with . or Enter, or press ? or * to list all spells.
Aiming: Stone Arrow (safe; 1% risk of failure)
Press: ? - help, Shift-Dir - straight line, f - orc high priest
Aim: an orc high priest, wielding a +2 mace of protection (purple smoke, lightly wounded, constricted by you, 100% to hit)
You feel a surge of power!
The stone arrow hits the orc high priest!!
The orc high priest is heavily wounded.
You constrict the orc high priest, but do no damage.
The orange demon barely misses you.
The orc high priest hits you with a +2 mace of protection.
Casting: Stone Arrow (safe; 1% risk of failure)
Confirm with . or Enter, or press ? or * to list all spells.
Aiming: Stone Arrow (safe; 1% risk of failure)
Press: ? - help, Shift-Dir - straight line, f/p - orc high priest
Aim: an orc high priest, wielding a +2 mace of protection (purple smoke, heavily wounded, constricted by you, 100% to hit)
You feel a surge of power!
The stone arrow hits the orc high priest!
The orc high priest is severely wounded.
You constrict the orc high priest. The orange demon stings you from afar!
* * * LOW HITPOINT WARNING * * *
You are lethally poisoned!
The orange demon poisons you!
The orc high priest prays to Beogh.
You are lethally poisoned (10 -> -9).
You have 5 tentacles available for constriction.
You are constricting an orc high priest.
Your movement speed is average.
Your attack delay is about 1.2.
Blink to where?
Press: ? - help, Dir - move target, p - orc high priest You lose your grip on something.
As you read the scroll of blinking, it crumbles to dust.
* * * LOW HITPOINT WARNING * * *
You feel very sick.
The orc warrior unwields a +0 mace.
The orc warrior wields a +0 arbalest.
The orc warrior shoots a bolt.
The bolt barely misses you.
You are confused.
You feel invigorated.
* * * LOW HITPOINT WARNING * * *
You feel very sick.
The orc high priest invokes the aid of Beogh against you.
Beogh smites you!
You die...

#..........##**
*#...o§.....#
*#....§§§..##
##...#§§4...#
##...§#§§#§.#*
#...$§§§o§..#
##.#)§#§§#.##
##....§§§##
##@....##
####)## ##)##
##)## ##)##
##.## ##.##
##.## #.##


You could see an orc high priest and an orc warrior.

Vanquished Creatures
  2 hydras
  Pikel (D:8)
  An orc sorcerer (Orc:1)
  An ugly thing (D:11)
  Joseph (D:7)
  Maggie (D:7)
  Psyche (D:10)
  3 trolls
  A hornet (D:9)
  A vampire (D:10)
  Sigmund (D:2)
  9 yaks
  A wraith (D:11)
  A steam dragon (D:9)
  An acid dragon (D:10)
  9 orc warriors
  2 black bears
  An ice beast (D:5)
  3 centaurs
  3 phantoms
  2 lemures (D:8)
  A gnoll sergeant (D:10)
  2 necrophages (D:6)
  2 bullfrogs
  2 scorpions
  4 wights (D:9)
  6 electric eels (D:7)
  2 howler monkeys
  3 jellies
  4 hounds
  A gnoll bouda (D:9)
  9 orc priests
  Terence (D:2)
  Natasha (thrice) (D:2)
  4 iguanas
  12 orc wizards
  A scorpion zombie (D:3)
  11 gnolls
  4 adders
  A shadow imp (D:7)
  A white imp (D:7)
  3 ufetubi
  An adder zombie (D:3)
  5 worms
  3 dart slugs
  31 orcs
  A bat (D:1)
  6 endoplasms
  3 giant cockroaches
  8 hobgoblins
  3 jackals (D:3)
  4 quokkas
  8 ball pythons
  4 frilled lizards
  4 goblins
  8 kobolds
  5 rats
217 creatures vanquished.

Vanquished Creatures (collateral kills)
  An ogre (Orc:1)
  An orc priest (Orc:1)
2 creatures vanquished.

Vanquished Creatures (others)
  An orc warrior (Orc:1)
  An orc priest (Orc:1)
  An orc (Orc:1)
  A butterfly (D:8)
  5 fungi
  9 plants
18 creatures vanquished.

Grand Total: 237 creatures vanquished

Notes
Turn   | Place    | Note
-------+----------+-------------------------------------------
     0 | D:1      | Ge0ff the Octopode Earth Elementalist began the quest for
                  | the Orb.
     0 | D:1      | Reached XP level 1. HP: 11/11 MP: 3/3
   132 | D:1      | Reached skill level 1 in Fighting
   132 | D:1      | Reached XP level 2. HP: 18/18 MP: 1/5
   461 | D:1      | Reached XP level 3. HP: 19/23 MP: 1/6
   575 | D:1      | Reached skill level 4 in Earth Magic
  1039 | D:2      | Noticed Sigmund
  1039 | D:2      | Noticed Natasha
  1263 | D:2      | Learned a level 3 spell: Stone Arrow
  1493 | D:2      | Identified the +5 scale mail of Agnosticism {rF++ rN+}
  1753 | D:2      | Noticed Terence
  2105 | D:3      | Found a faded altar of an unknown god.
  2152 | D:3      | Found a transporter.
  2156 | D:3      | Found a transporter.
  2156 | D:3      | Noticed megamayne420's ghost (amateur HOMo)
  2182 | D:3      | Reached XP level 4. HP: 16/28 MP: 3/7
  2217 | D:3      | HP: 1/28 [gnoll/+0 flail (9)]
  2218 | D:3      | Reached skill level 1 in Conjurations
  2549 | D:3      | Found an ancient bone altar of Kikubaaqudgha.
  2872 | D:3      | Found Momu's Assorted Antiques.
  2879 | D:3      | Bought a red potion for 24 gold pieces
  2879 | D:3      | Bought a bubbling black potion for 24 gold pieces
  2879 | D:3      | Bought a scroll labelled RATUSTRE FIUSE for 27 gold pieces
  2927 | D:3      | Found a basalt altar of Yredelemnul.
  3030 | D:3      | Reached XP level 5. HP: 33/33 MP: 6/8
  4052 | D:3      | Found a transporter.
  4058 | D:3      | Found a transporter.
  4098 | D:3      | Found a faded altar of an unknown god.
  4156 | D:3      | Found an ancient bone altar of Kikubaaqudgha.
  4168 | D:3      | Found a basalt altar of Yredelemnul.
  4184 | D:3      | Found Momu's Assorted Antiques.
  4522 | D:4      | Learned a level 2 spell: Passwall
  4551 | D:4      | Reached skill level 5 in Earth Magic
  4551 | D:4      | Reached XP level 6. HP: 20/38 MP: 6/10
  4718 | D:4      | Found a shimmering blue altar of Sif Muna.
  4741 | D:4      | Found a blossoming altar of Fedhas.
  5040 | D:4      | Found a shimmering altar of Xom.
  5323 | D:4      | Found a staircase to the Ecumenical Temple.
  5332 | Temple   | Entered the Ecumenical Temple
  5435 | D:4      | Found a hazy altar of Hepliaklqana.
  5547 | D:5      | Entered Level 5 of the Dungeon
  5583 | D:5      | Found a transporter.
  5700 | D:5      | Noticed an acid dragon
  5702 | D:5      | Found a transporter.
  5705 | D:5      | Noticed Heedrag's ghost (novice MiFi)
  5711 | D:5      | Noticed an ice beast
  5714 | D:5      | Killed an ice beast
  5715 | D:5      | Reached skill level 6 in Earth Magic
  5715 | D:5      | Reached XP level 7. HP: 37/43 MP: 4/11
  6964 | D:6      | Reached skill level 5 in Conjurations
  6976 | D:6      | Reached skill level 7 in Earth Magic
  7057 | D:6      | Reached XP level 8. HP: 48/48 MP: 9/12
  7872 | D:7      | Found a glowing silver altar of Zin.
  7884 | D:7      | Noticed Maggie
  7894 | D:7      | Killed Maggie
  7895 | D:7      | Reached skill level 8 in Earth Magic
  7897 | D:7      | Reached skill level 1 in Evocations
  8109 | D:7      | Found a glowing golden altar of the Shining One.
  8321 | D:7      | Reached XP level 9. HP: 48/54 MP: 9/15
  9081 | D:7      | Reached skill level 5 in Spellcasting
  9124 | D:7      | Noticed a six-headed hydra
  9132 | D:7      | Killed a six-headed hydra
  9133 | D:7      | Reached skill level 9 in Earth Magic
  9209 | D:7      | Noticed Joseph
  9216 | D:7      | Killed Joseph
  9217 | D:7      | Reached XP level 10. HP: 20/63 MP: 17/17
  9784 | D:8      | Found a white marble altar of Elyvilon.
  9855 | D:8      | Noticed Pikel
  9862 | D:8      | Killed Pikel
 10669 | D:2      | Killed Sigmund
 10670 | D:2      | Reached skill level 5 in Evocations
 10676 | D:2      | Killed Terence
 10679 | D:2      | Killed Natasha
 11317 | D:2      | Noticed Natasha
 11322 | D:2      | Killed Natasha
 11946 | D:2      | Noticed Natasha
 11955 | D:2      | Killed Natasha
 12244 | D:9      | Reached skill level 10 in Earth Magic
 13015 | D:9      | Found a sacrificial altar of Ru.
 13058 | D:10     | Entered Level 10 of the Dungeon
 13073 | D:10     | Noticed Psyche
 13151 | D:10     | Killed Psyche
 13526 | D:9      | Reached skill level 5 in Dodging
 13526 | D:9      | Reached XP level 11. HP: 63/67 MP: 7/20
 13984 | D:10     | Found a broken altar of Ashenzari.
 14004 | D:10     | Found a staircase to the Lair.
 14016 | D:10     | Became a worshipper of Ashenzari the Shackled
 14544 | D:10     | Found a snail-covered altar of Cheibriados.
 14815 | D:10     | Found a staircase to the Orcish Mines.
 15121 | D:11     | Noticed a seven-headed hydra
 15552 | D:11     | Killed a seven-headed hydra
 15958 | D:11     | Noticed a cyan ugly thing
 15965 | D:11     | Killed a cyan ugly thing
 16360 | D:3      | Bought a runed silver ring for 135 gold pieces
 16522 | Orc:1    | Entered Level 1 of the Orcish Mines
 16522 | Orc:1    | Noticed an orc knight
 16660 | Orc:1    | Noticed an orc high priest
 16665 | Orc:1    | Noticed an orc sorcerer
 16672 | Orc:1    | Killed an orc sorcerer
 16685 | Orc:1    | Killed from afar by an orc high priest

Illustrated notes

Levels and vault maps discovered:
D:1:      dpeg_arrival_more_subterranean_lakeside_camping, layout_loops_ring
D:2:      layout_basic, uniq_sigmund, uniq_natasha, uniq_terence
D:3:      layout_basic, lemuel_zombie_altar_yredelemnul, lemuel_tele_altar,
          hellmonk_ecumenical_altar_prayer_group, gammafunk_ghost_arena,
          serial_shops, shop, minmay_misc_feat_x, minmay_joined_circles
D:4:      layout_gridville, lemuel_coloured_pillars_altar,
          mainiacjoe_overflow_alcove_2,
          mainiacjoe_overflow_concentric_impassable,
          mainiacjoe_overflow_brackets, minmay_temple_entry_trees
D:5:      layout_layer_cave, gammafunk_ghost_arena
D:6:      layout_basic
D:7:      cheibrodos_two_vegetables, layout_loops_ring,
          mainiacjoe_overflow_chevrons, zin_academy, uniq_maggie, uniq_joseph
D:8:      layout_loops_ring, nicolae_elyvilon_peaceful_grove, uniq_pikel
D:9:      layout_cross, nicolae_ru_the_path_less_chosen
D:10:     layout_cave_pods, nicolae_ashenzari_skybound, cheibrodos_worm_habitat,
          lair_entry_dummy, david_orc_3, uniq_psyche
D:11:     layout_rooms
Temple:   eino_temple_lava
Orc:1:    layout_caves, enter_volcano_1, basic_altar

Skill      XL: |  1  2  3  4  5  6  7  8  9 10 11 |
---------------+----------------------------------+-----
Fighting       | 1 2 3 |  3.0
Earth Magic    | 4 5 6 7 8 9 10 | 10.0
Conjurations   | 1 2 4 5 7 8 9 |  9.3
Spellcasting   | 3 4 5 6 8 |  8.2
Stealth        | 3 |  3.0
Evocations     | 2 3 6 7 |  7.0
Dodging        | 3 5 |  5.0
Transmutations | |  1.0

Action                   |  1- 3 |  4- 6 |  7- 9 | 10-12 || total
-------------------------+-------+-------+-------+-------++-------
Melee: Dagger            |       |     7 |       |       ||     7
       Constrict         |       |     2 |     3 |    22 ||    27
       Tentacles         |       |     1 |     3 |    14 ||    18
       Staff             |       |       |     9 |    49 ||    58
 Fire: Sling             |    32 |     3 |       |       ||    35
Throw: Javelin           |       |       |       |     2 ||     2
       Dart              |       |       |       |     1 ||     1
 Cast: Sandblast         |    40 |    66 |    23 |    30 ||   159
       Stone Arrow       |       |     2 |    31 |   117 ||   150
Invok: Curse Item        |       |       |       |     1 ||     1
Evoke: Wand              |       |       |    12 |    20 ||    32
  Use: Potion            |       |     1 |     1 |     7 ||     9
       Scroll            |       |       |     8 |     9 ||    17
 Stab: Sleeping          |       |     1 |       |       ||     1
Armor: Skin              |     2 |     4 |       |     3 ||     9
Dodge: Dodged            |     9 |    23 |    20 |    52 ||   104

Table legend: (Time is in decaauts)
 A = Elapsed time spent in this place.
 B = Non-inter-level travel time spent in this place.
 C = Inter-level travel time spent in this place.
 D = Time resting spent in this place.
 E = Time spent auto-exploring this place.
 F = Levels seen in this place.
 G = Mean time per level.
                   A        B        C        D        E       F      G
               +--------+--------+--------+--------+--------+-----+--------+
         Total |  16915 |  15736 |   1179 |    625 |  13242 |  13 | 1301.2 |
       Dungeon |  16668 |  15496 |   1172 |    579 |  13176 |  11 | 1515.3 |
        Temple |     76 |     69 |      7 |      0 |     66 |   1 |   76.0 |
  Orcish Mines |    170 |    170 |      0 |     46 |      0 |   1 |  170.0 |
               +--------+--------+--------+--------+--------+-----+--------+

Top non-repeatable levels by time:
     D:2: 2676 daAuts
     D:3: 2489 daAuts
    D:10: 2105 daAuts
     D:7: 1850 daAuts
     D:5: 1314 daAuts
     D:6: 1234 daAuts
     D:9: 1221 daAuts
     D:8: 1205 daAuts
     D:4: 1039 daAuts
     D:1: 931 daAuts
    D:11: 597 daAuts
   Orc:1: 170 daAuts
  Temple: 76 daAuts
